 Dungeon Crawl Stone Soup version 0.26.1-11-gd32895ea62 (webtiles) character file.

Game seed: 2551825959534189888

136 seveneves the Covered (level 4, -18/41 HPs)
             Began as a Minotaur Fighter on July 22, 2021.
             Was an Initiate of Nemelex Xobeh.
             Blown up by Ijyb (26 damage)
             ... with a disintegration bolt
             ... on level 3 of the Dungeon.
             The game lasted 00:05:15 (1627 turns).

seveneves the Covered (Minotaur Fighter)            Turns: 1627, Time: 00:05:17

Health: -18/41     AC:  7    Str: 22    XL:     4   Next: 98%
Magic:  3/3        EV:  8    Int:  5    God:    Nemelex Xobeh [......]
Gold:   141        SH:  9    Dex:  9    Spells: 3/3 levels left

rFire    . . .     SeeInvis .   a - +0 long sword
rCold    . . .     Faith    .   c - +0 kite shield
rNeg     . . .     Spirit   .   b - +0 scale mail
rPois    .         Reflect  .   (helmet restricted)
rElec    .         Harm     .   (no cloak)
rCorr    .         Rampage  .   (no gloves)
Will     .....                  (no boots)
Stlth    ..........             (no amulet)
HPRegen  0.13/turn              (no ring)
MPRegen  0.08/turn              (no ring)

@: lethally poisoned (-18 -> -19)
A: retaliatory headbutt, horns 2
a: Renounce Religion, Draw Escape, Draw Destruction, Draw Summoning


You were on level 3 of the Dungeon.
You worshipped Nemelex Xobeh.
Nemelex Xobeh was noncommittal.
You visited 1 branch of the dungeon, and saw 3 of its levels.

You collected 141 gold pieces.

Inventory:

Hand Weapons
 a - a +0 long sword (weapon)
Missiles
 l - 6 curare-tipped darts (quivered)
Armour
 b - a +0 scale mail (worn)
 c - a +0 kite shield (worn)
Wands
 g - a wand of flame (18)
Scrolls
 j - a scroll of enchant weapon {unknown}
 m - a scroll of identify
Potions
 d - 2 potions of might
 e - a potion of brilliance
 f - a potion of attraction {unknown}
 h - a potion of haste {unknown}
 i - a potion of resistance
 k - a potion of flight {unknown}
 n - a potion of curing {unknown}


   Skills:
 + Level 4.3 Fighting
 + Level 4.0 Long Blades
 + Level 4.4 Armour
 + Level 1.4 Dodging
 + Level 4.3 Shields


You had 3 spell levels left.
You didn't know any spells.
Your spell library was empty.

Dungeon Overview and Level Annotations

Branches:
Dungeon (3/15)

Altars:
Makhleb
Nemelex Xobeh
Yredelemnul

Annotations:
D:3 Ijyb


Innate Abilities, Weirdness & Mutations

You reflexively headbutt those who attack you in melee.
You have a pair of horns on your head.


Message History

You miss the adder. You headbutt the adder!
The adder is almost dead.
You block the adder's attack.
Ijyb zaps a wand.
You barely resist. You block the adder's attack.
A rat comes into view.
You hit the adder.
You kill the adder!
You feel sick. Ijyb screams, "I no like you!"
Ijyb zaps a wand.
You are blasted!
Your Long Blades skill increases to level 4!
You closely miss Ijyb.
Ijyb zaps a wand.
You barely resist. You closely miss Ijyb. Your headbutt misses Ijyb.
Ijyb zaps a wand.
You are blasted!
Ouch! That really hurt!
* * * LOW HITPOINT WARNING * * *
Ijyb zaps a wand.
You are blasted!
Ouch! That really hurt!
You die...
Your body disappears without a glow.

.........# #......###
.......... ....>####.###
.........# #########.##°
.........######......###
.....$...............###
.......†........########
.............##..... #≈.
..........########## ###
.$..###@..# ### ##.
#g#.# ### . #..<.# ##§
#...?# ##.. ### .r....
...#### ....... .
#...###
.....#....##...###
...................
..........


You could see Ijyb (resistant) and a rat.

Vanquished Creatures
  5 adders
  3 oozes
  A worm (D:2)
  2 dart slugs (D:2)
  2 leopard geckos (D:3)
  5 orcs (D:3)
  7 goblins
  5 hobgoblins
  11 jackals
  A quokka (D:3)
  A ball python (D:1)
  5 bats
  9 kobolds
  6 rats
63 creatures vanquished.

Notes
Turn   | Place    | Note
-------+----------+-------------------------------------------
     0 | D:1      | seveneves the Minotaur Fighter began the quest for the Orb.
     0 | D:1      | Reached XP level 1. HP: 19/19 MP: 0/0
   228 | D:1      | Reached XP level 2. HP: 20/27 MP: 1/1
   452 | D:1      | Reached XP level 3. HP: 29/33 MP: 2/2
  1025 | D:2      | Found a basalt altar of Yredelemnul.
  1099 | D:2      | Reached XP level 4. HP: 41/41 MP: 3/3
  1223 | D:2      | Found a burning altar of Makhleb.
  1223 | D:2      | Noticed an Executioner
  1479 | D:3      | Reached skill level 1 in Dodging
  1537 | D:3      | Found a sparkling altar of Nemelex Xobeh.
  1545 | D:3      | Became a worshipper of Nemelex Xobeh the Trickster
  1618 | D:3      | Noticed Ijyb
  1627 | D:3      | Blown up by Ijyb

Illustrated notes

Levels and vault maps discovered:
D:1:      amcnicky_arrival_feature_with_door, layout_loops_cross,
          nrook_mini_backslash, dk_noncrumbling_4, nrook_mini_vaults
D:2:      layout_basic, yredelemnul_altar_generic, makhleb_altar_promises_db
D:3:      layout_rooms, nicolae_ru_the_path_less_chosen, nemelex_altar_shiori,
          uniq_ijyb

Skill      XL: |  1  2  3  4 |
---------------+-------------+-----
Fighting       | 4 |  4.3
Shields        | 4 |  4.3
Armour         | 4 |  4.4
Long Blades    | 3 4 |  4.0
Dodging        | 1 |  1.4

Action                   |  1- 3 |  4- 6 || total
-------------------------+-------+-------++-------
Melee: Long sword        |    83 |    46 ||   129
       Headbutt          |    13 |     8 ||    21
  Use: Scroll            |       |     2 ||     2
Armor: Scale mail        |    33 |    21 ||    54
Dodge: Dodged            |    27 |    29 ||    56
Block: Kite shield       |    44 |    35 ||    79
       Rpst.: Long sword |     8 |     8 ||    16
